 Dungeon Crawl Stone Soup version 0.25-a0-890-g62861fb195 (webtiles) character file.

Game seed: 3328502726718770255, levelgen mode: classic

257 EnegeticOcto the Slasher (level 6, -11/43 HPs)
             Began as an Octopode Fighter on May 2, 2020.
             Mangled by a small abomination (17 damage)
             ... on level 1 of the Abyss.
             The game lasted 00:01:15 (2637 turns).

EnegeticOcto the Slasher (Octopode Fighter)         Turns: 2637, Time: 00:01:16

Health: -11/43     AC:  1    Str: 15    XL:     6   Next: 16%
Magic:  6/6        EV: 12    Int: 11    God:
Gold:   68         SH: 12    Dex: 13    Spells: 5/5 levels left

rFire    . . .     SeeInvis .   a - +0 long sword
rCold    . . .     Gourm    .   b - +0 kite shield
rNeg     . . .     Faith    .   (helmet restricted)
rPois    .         Spirit   .   n - +3 amulet of reflection
rElec    .         Reflect  +   (no ring)
rCorr    .         Harm     .   (no ring)
MR       .....                  (no ring)
Stlth    ++........             (no ring)
HPRegen  0.14/turn              (no ring)
MPRegen  0.10/turn              (no ring)
                                (no ring)
                                (no ring)

@: no status effects
A: almost no armour, stealthy swim, amphibious, 8 rings, constrict 8, camouflage
1, gelatinous body 1
a: no special abilities


You were on level 1 of the Abyss.
You were hungry.

You visited 1 branch of the dungeon, and saw 4 of its levels.
You visited the Abyss 1 time.

You collected 68 gold pieces.

Inventory:

Hand Weapons
 a - a +0 long sword (weapon)
Armour
 b - a +0 kite shield (worn)
Jewellery
 n - a +3 amulet of reflection (around mantle)
Wands
 q - a wand of polymorph (12)
Scrolls
 c - 3 scrolls of identify {unknown}
 d - a scroll of fear {unknown}
 f - 2 scrolls of remove curse {unknown}
 h - a scroll of immolation {unknown}
 i - a scroll of enchant armour {unknown}
 j - a scroll of magic mapping {unknown}
 l - a scroll of fog {unknown}
 m - a scroll of teleportation {unknown}
Potions
 g - a potion of degeneration {unknown}
 k - a potion of might {@q3}
 o - a potion of cancellation {unknown}
Comestibles
 e - 5 rations
 p - 10 chunks of flesh


   Skills:
 + Level 4.2 Fighting
 * Level 4.6 Long Blades
 - Level 3.0 Dodging
 + Level 4.1 Shields


You had 5 spell levels left.
You didn't know any spells.
Your spell library was empty.

Dungeon Overview and Level Annotations

Branches:
Dungeon (4/15)
 Temple: D:4-7

Altars:
Dithmenos
Fedhas


Innate Abilities, Weirdness & Mutations

You cannot wear most types of armour.
You are very stealthy in the water. (Stealth+)
You are amphibious.
You can wear up to eight rings at the same time.
You can use your tentacles to constrict eight enemies at once.
Your skin changes colour to match your surroundings (Stealth+).
Your rubbery body absorbs attacks. (AC +1, EV +1)


Message History

The orc hits you with a +0 falchion.
You completely miss the orc.
The orc is moderately wounded.
You constrict the orc, but do no damage.
You block the orc's attack.
Your shield prevents you from hitting the orc.
You squeeze the orc.
You kill the orc!
No target in view!
No target in view!
No target in view!
No target in view!
No target in view!
No target in view!
No target in view!
No target in view!
No target in view!
HP restored.
Things that are here:
a +0 falchion; a +0 ring mail; an orc corpse You butcher the orc corpse.
p - 7 chunks of flesh (gained 4)
Things that are here:
a +0 falchion; a +0 ring mail; an orc skeleton
Things that are here:
a +0 falchion; a +0 ring mail; an orc skeleton
q - a wand of polymorph (12)
Items here: )) [[ a +0 hand axe; a +0 leather armour; a +0 whip; a +0 scale mail
Things that are here:
a +0 club; a hobgoblin corpse You butcher the hobgoblin corpse.
p - 10 chunks of flesh (gained 3)
Things that are here:
a +0 club; a hobgoblin skeleton
Things that are here:
a +0 club; a hobgoblin skeleton The gnoll is too close now for your liking.
A gnoll is nearby!
A gnoll is nearby!
A gnoll is nearby!
A gnoll comes into view.
It is wielding a +1 spear of distortion.
The gnoll shouts!
You block the gnoll's attack.
The gnoll hits you with a +1 spear of distortion.
You are cast into the Abyss!
To return, you must find a gate leading back.
Killing monsters will force the Abyss to allow you passage.
This branch contains the abyssal rune of Zot.
Found a ration.
HP restored.
Found a gateway leading deeper into the Abyss.
e - 5 rations (gained 1)
You now have 68 gold pieces (gained 7).
Found a leather armour.
Found 15 stones.
Found a gateway leading deeper into the Abyss.
There is a gateway leading deeper into the Abyss here.
A ynoxinul comes into view.
A small abomination comes into view.
You are feeling hungry.
A small abomination is nearby!
A small abomination is nearby!
You completely miss the small abomination.
The small abomination hits you.
You block the small abomination's attack.
You hit the small abomination. You squeeze the small abomination.
The small abomination is moderately damaged.
The small abomination hits you!!
You are too injured to fight recklessly!
You are too injured to fight recklessly!
You are too injured to fight recklessly!
You are too injured to fight recklessly!
You are too injured to fight recklessly!
You are too injured to fight recklessly!
You are too injured to fight recklessly!
You are too injured to fight recklessly!
A small abomination is nearby!
You hit the small abomination.
The small abomination is heavily damaged.
The small abomination barely misses you.
You block the small abomination's attack.
You hit the small abomination but do no damage.
Your squeeze misses the small abomination.
The small abomination is heavily damaged.
You block the small abomination's attack.
You hit the small abomination but do no damage.
The small abomination is heavily damaged.
You block the small abomination's attack.
The small abomination hits you!
* * * LOW HITPOINT WARNING * * *
You completely miss the small abomination.
The small abomination is heavily damaged.
You block the small abomination's attack.
The small abomination closely misses you.
You hit the small abomination but do no damage.
You squeeze the small abomination, but do no damage.
The small abomination is heavily damaged.
The small abomination hits you!
You die...

#.# .. # .. #.
. .# .#.###
##.... #x..#
#@# #.##
####.# ##
####.#.##..#
..#.##. # #
#... ..#.# #..
#. . .#.# #..
#####.#.#.#
###
###.##..#.###.


You could see a small abomination.

Vanquished Creatures
  Sigmund (D:2)
  An adder (D:2)
  3 worms
  4 dart slugs
  4 leopard geckos (D:1)
  7 orcs (D:3)
  2 giant cockroaches
  4 goblins
  7 hobgoblins
  6 jackals
  5 kobolds
  A quokka (D:2)
  2 ball pythons
  8 bats (D:1)
  4 frilled lizards
  A leopard gecko skeleton (D:4)
  3 rats
63 creatures vanquished.

Notes
Turn   | Place    | Note
-------+----------+-------------------------------------------
     0 | D:1      | EnegeticOcto the Octopode Fighter began the quest for the
                  | Orb.
     0 | D:1      | Reached XP level 1. HP: 16/16 MP: 1/1
   277 | D:1      | Reached XP level 2. HP: 21/21 MP: 2/2
   530 | D:1      | Reached XP level 3. HP: 26/26 MP: 3/3
  1322 | D:2      | Reached XP level 4. HP: 30/31 MP: 4/4
  1328 | D:2      | Found a shadowy altar of Dithmenos.
  1602 | D:2      | Noticed Sigmund
  1607 | D:2      | Killed Sigmund
  1607 | D:2      | Reached XP level 5. HP: 29/37 MP: 5/5
  1607 | D:2      | Reached XP level 6. HP: 34/43 MP: 6/6
  1826 | D:2      | Found a blossoming altar of Fedhas.
  1976 | D:2      | You fall into a shaft and drop 2 floors!
  2560 | D:3      | Cast into level 1 of the Abyss (gnoll)
  2623 | Abyss:1  | Noticed a ynoxinul
  2629 | Abyss:1  | Noticed a small abomination
  2637 | Abyss:1  | Mangled by a small abomination

Levels and vault maps discovered:
D:1:      dpeg_arrival_three_same_balls, layout_basic, serial_park_tiny_2
D:2:      layout_basic, lemuel_round_altar, lemuel_tele_altar, uniq_sigmund
D:3:      layout_basic, overflow_temple_1_default
D:4:      layout_rooms, cheibriados_altar_1
Abyss:1:  base:
D:3

Skill      XL: |  1  2  3  4 |
---------------+-------------+-----
Long Blades    | 3 4 |  4.6
Fighting       | 4 |  4.2
Shields        | 4 |  4.1
Dodging        | |  3.0

Action                   |  1- 3 |  4- 6 || total
-------------------------+-------+-------++-------
Melee: Long sword        |    72 |    58 ||   130
       Constrict         |    20 |    15 ||    35
       Tentacles         |    10 |    12 ||    22
 Stab: Sleeping          |     4 |     2 ||     6
  Eat: Chunk             |     1 |     4 ||     5
Armor: Skin              |     5 |     1 ||     6
Dodge: Dodged            |    32 |    19 ||    51
Block: Kite shield       |    31 |    29 ||    60
       Rpst.: Long sword |     8 |     5 ||    13

Table legend:
 A = Non-vault XP
 B = Vault XP
 C = Vault XP percentage of total XP
 D = Non-vault monster count
 E = Vault monster count
 F = Vault count percentage of total count
                 A         B        C        D         E       F
            +---------+---------+-------+---------+---------+-------
      Total |     148 |     220 |  59.8 |      62 |       1 |   1.6
            +---------+---------+-------+---------+---------+-------
        D:1 |      65 |       0 |   0.0 |      33 |       0 |   0.0
        D:2 |      50 |     220 |  81.5 |      16 |       1 |   5.9
        D:3 |      23 |       0 |   0.0 |       8 |       0 |   0.0
        D:4 |      10 |       0 |   0.0 |       5 |       0 |   0.0
            +---------+---------+-------+---------+---------+-------
